 Dungeon Crawl Stone Soup version 0.29-a0-492-g10b964d8d7 (webtiles) character file.

Game seed: 7260309931057703901

112 Bruhh the Ogre Mage (level 4, -1/39 HPs)
             Began as an Ogre Air Elementalist on May 27, 2022.
             Slain by Natasha (4 damage)
             ... on level 3 of the Dungeon.
             The game lasted 00:03:22 (4231 turns).

Bruhh the Ogre Mage (Ogre Air Elementalist)         Turns: 4231, Time: 00:03:23

Health: -1/39      AC:  3    Str: 12    XL:     4   Next: 93%
Magic:  4/10       EV:  9    Int: 18    God:
Gold:   191        SH:  0    Dex:  9    Spells: 8/11 levels left

rFire   . . .      SeeInvis .   o - +0 hand axe
rCold   . . .      Faith    .   (no shield)
rNeg    . . .      Spirit   .   a - +0 robe
rPois   .          Reflect  .   (helmet restricted)
rElec   .          Harm     .   (no cloak)
rCorr   .          Rampage  .   (gloves unavailable)
Will    .....                   (boots unavailable)
Stlth   +.........              (no amulet)
HPRegen 0.13/turn               (no ring)
MPRegen 0.12/turn               (no ring)

@: no status effects
A: large, unfitting armour, tough skin 1
a: no special abilities


You were on level 3 of the Dungeon.
You visited 1 branch of the dungeon, and saw 4 of its levels.

You collected 191 gold pieces.

Inventory:

Hand Weapons
 c - a +0 dagger
 o - a +0 hand axe (weapon)
Armour
 a - a +0 robe (worn)
Scrolls
 g - a scroll of teleportation {unknown}
 h - 4 scrolls of identify {unknown}
 k - a scroll of fog {unknown}
 l - a scroll of summoning {unknown}
 n - a scroll of poison {unknown}
 s - a scroll of noise {unknown}
 t - a scroll of brand weapon {unknown}
Potions
 b - a potion of magic
 d - a potion of lignification {unknown}
 e - 3 potions of flight {unknown}
 f - a potion of attraction {unknown}
 i - a potion of degeneration {unknown}
 j - 3 potions of curing {unknown}
 m - a potion of ambrosia {unknown}
 p - a potion of invisibility {unknown}
 q - a potion of cancellation {unknown}
 r - a potion of resistance {unknown}


   Skills:
 - Level 1.7 Dodging
 - Level 1.4 Stealth
 - Level 4.0 Spellcasting
 + Level 3.0 Conjurations
 + Level 2.9 Air Magic


You had 8 spell levels left.
You knew the following spells:

 Your Spells              Type           Power      Damage    Failure   Level
a - Shock                 Conj/Air       56%        1d6       4%          1
b - Static Discharge      Conj/Air       14%        N/A       7%          2

Your spell library contained the following spells:

 Spells                   Type           Power      Damage    Failure   Level
 Swiftness                Air            14%        N/A       13%         3
 Airstrike                Air            7%         N/A       41%         4


Dungeon Overview and Level Annotations

Branches:
Dungeon (4/15)
 Temple: D:4-7

Altars:

Annotations:
D:3 Natasha


Innate Abilities, Weirdness & Mutations

You are too large for most types of armour.
You have tough skin. (AC +1)


Message History

Done exploring.
Done exploring.
There is a stone staircase leading down here.
You climb downwards.
Found 18 gold pieces, 2 scrolls labelled KOECEK SEROYXU and a robe.
There is a stone staircase leading up here.
You can't go down here!
There are monsters nearby!
There are monsters nearby!
The zap hits Natasha.
Natasha is lightly wounded.
Natasha hisses angrily.
Natasha drinks a potion.
Natasha seems to speed up.
The zap misses Natasha.
Natasha zaps a wand.
The puff of flame hits you.
The zap hits Natasha.
Natasha is lightly wounded.
Natasha zaps a wand.
The puff of flame hits you.
The zap hits Natasha.
Natasha is moderately wounded.
Natasha casts a spell at you. The magic dart hits you.
The zap misses Natasha.
Natasha zaps a wand.
The puff of flame hits you!
Natasha zaps a wand.
The puff of flame hits you!
* * * LOW HITPOINT WARNING * * *
The quokka closely misses you.
You climb upwards.
There is a stone staircase leading down here.
Casting: Shock (safe; 4% risk of failure)
Confirm with . or Enter, or press ? or * to list all spells.
The quokka is struck by an arc of lightning.
The quokka is almost dead.
You are struck by an arc of lightning.
* * * LOW HITPOINT WARNING * * *
The lightning grounds out.
Natasha is struck by an arc of lightning.
Natasha is heavily wounded.
You are struck by an arc of lightning.
* * * LOW HITPOINT WARNING * * *
The lightning grounds out.
Natasha claws you.
You die...

##### ########...#
######..........################
.......######..r@..............#
##############.#h#.#####...###.#
#### #.....##.#.#..####.#..#..##
...####...)......................
÷........≈≈≈≈≈.≈≈≈≈≈.≈≈≈≈≈.≈≈≈≈≈.
##.#####.≈###≈.≈###≈.≈###≈.≈###≈.
#.#####.≈# #≈.≈# #≈.≈# #≈.≈# #≈.
#.#.....≈###≈.≈###≈.≈###≈.≈###≈.
#.#.###.≈≈≈≈≈.≈≈≈≈≈.≈≈≈≈≈.≈≈≈≈≈.


You could see Natasha (fast) and a quokka.

Vanquished Creatures
  3 adders (D:2)
  A worm (D:2)
  2 dart slugs (D:2)
  An orc (D:3)
  6 ball pythons
  7 endoplasms
  3 giant cockroaches
  5 goblins
  6 hobgoblins
  11 jackals (D:1)
  2 quokkas
  7 bats
  12 frilled lizards
  2 kobolds
  4 rats
72 creatures vanquished.

Notes
Turn   | Place    | Note
-------+----------+-------------------------------------------
     0 | D:1      | Bruhh the Ogre Air Elementalist began the quest for the
                  | Orb.
     0 | D:1      | Reached XP level 1. HP: 16/16 MP: 3/3
    44 | D:1      | Reached skill level 1 in Conjurations
   259 | D:1      | Reached XP level 2. HP: 24/24 MP: 0/5
   575 | D:1      | Reached skill level 3 in Spellcasting
   651 | D:1      | Found a faded altar of an unknown god.
   843 | D:1      | Reached XP level 3. HP: 31/31 MP: 4/7
  1951 | D:2      | Learned a level 2 spell: Static Discharge
  2219 | D:2      | Reached XP level 4. HP: 31/39 MP: 3/9
  2709 | D:2      | Reached skill level 4 in Spellcasting
  4223 | D:4      | Noticed Natasha
  4231 | D:3      | Slain by Natasha

Illustrated notes

Levels and vault maps discovered:
D:1:      lemuel_arrival_broad_hall, layout_basic,
          ebering_ecumenical_altar_ruins, roderic_lattice_a, minmay_lizard_pond
D:2:      layout_loops_ring
D:3:      layout_loops_ring, hangedman_decor_clover_reticule, kennysheep_boxes
D:4:      layout_cave_pools, nicolae_specific_store, uniq_natasha, uniq_pikel

Skill      XL: |  1  2  3  4 |
---------------+-------------+-----
Conjurations   | 1 2 3 |  3.0
Spellcasting   | 3 4 |  4.0
Dodging        | |  1.7
Stealth        | |  1.4
Air Magic      | |  2.9

Action                   |  1- 3 |  4- 6 || total
-------------------------+-------+-------++-------
Melee: Unarmed           |     6 |       ||     6
       Dagger            |    30 |       ||    30
       Hand axe          |       |     5 ||     5
 Cast: Shock             |    74 |    78 ||   152
       Static Discharge  |     1 |     3 ||     4
Armor: Robe              |    15 |       ||    15
Dodge: Dodged            |    27 |     7 ||    34

Table legend: (Time is in decaauts)
 A = Elapsed time spent in this place.
 B = Non-inter-level travel time spent in this place.
 C = Inter-level travel time spent in this place.
 D = Time resting spent in this place.
 E = Time spent auto-exploring this place.
 F = Levels seen in this place.
 G = Mean time per level.
                   A        B        C        D        E       F      G
               +--------+--------+--------+--------+--------+-----+--------+
         Total |   4231 |   4121 |    110 |      0 |   3731 |   4 | 1057.8 |
       Dungeon |   4231 |   4121 |    110 |      0 |   3731 |   4 | 1057.8 |
               +--------+--------+--------+--------+--------+-----+--------+

Top non-repeatable levels by time:
     D:1: 1905 daAuts
     D:2: 1413 daAuts
     D:3: 905 daAuts
     D:4: 6 daAuts
